 Dungeon Crawl Stone Soup version 0.31-a0-435-g2c6fae2916 (webtiles) character file.

Game seed: 17689271794955012884

11 Xavori the Trooper (level 2, 22/22 (27) HPs)
             Began as a Djinni Chaos Knight on Aug 1, 2023.
             Was a Plaything of Xom.
             Quit the game on level 1 of the Dungeon.
             The game lasted 00:01:01 (9372 turns).

Xavori the Trooper (Djinni Chaos Knight)            Turns: 9372, Time: 00:01:01

HP:   22/22 (27)    AC:  7    Str:  6 (7)  XL:     2   Next: 35%
Gold: 41            EV: 11    Int: 13      God:    Xom [..*...] SH:  0 Dex: 12 (14)

rFire   + + .        a - +0 falchion (chaos)
rCold   x . .        (no shield)
rNeg    . . .        b - +2 leather armour
rPois   ∞            i - +0 helmet
rElec   .            (no cloak)
rCorr   .            e - +0 pair of gloves
SInv    .            (boots unavailable)
Will    .....        (no amulet)
Stlth   ++           (no ring)
HPRegen 0.23/turn    (no ring)
MPRegen 0.00/turn

%: no passive effects
@: flying, heavily drained
A: sickness immunity, fire resistance 2, cold vulnerability 1, float, innate
caster, HP casting, extra vitality 1, iridescent scales 1, thin skeletal
structure 1, deformed body, robust 1, weak 2, MP-powered wands
a: Renounce Religion


You were on level 1 of the Dungeon.
You worshipped Xom.
You were a toy of Xom.
You visited 1 branch of the dungeon, and saw 2 of its levels.

You collected 41 gold pieces.

Inventory:

Hand Weapons
 a - a +0 falchion of chaos (weapon)
Armour
 b - a +2 leather armour (worn)
 e - a +0 pair of gloves (worn)
 i - a +0 helmet (worn)
Scrolls
 c - a scroll of butterflies
 d - 2 scrolls of enchant weapon {unknown}
 h - a scroll of fear {unknown}
Potions
 f - 2 potions of berserk rage {unknown}
 g - a potion of brilliance {unknown}


   Skills:
 + Level 3.1 Fighting
 + Level 2.8 Long Blades
 + Level 1.0 Armour
 + Level 2.2 Dodging
 * Level 0.1 Spellcasting
 * Level 0.1 Conjurations
 * Level 0.1 Hexes
 * Level 0.1 Summonings
 * Level 0.1 Necromancy
 * Level 0.1 Translocations
 * Level 0.1 Transmutations
 * Level 0.1 Fire Magic
 * Level 0.1 Ice Magic
 * Level 0.1 Air Magic
 * Level 0.1 Earth Magic
 * Level 0.1 Poison Magic You didn't know any spells. Your spell library was empty.

Dungeon Overview and Level Annotations

Branches:
Dungeon (2/15)

Altars:


Innate Abilities, Weirdness & Mutations

You are immune to sickness and miasma.
You are immune to poison.
Your flesh is very heat resistant. (rF++)
You are vulnerable to cold. (rC-)
You float through the air rather than walking.
You learn spells naturally, not from books.
Your magical power is your life essence.
You have superior vitality. (+4 MHP)
You are partially covered in iridescent scales. (AC +2)
You have a somewhat thin skeletal structure. (Dex +2, Stealth+)
Armour fits poorly on your strangely shaped body.
You are robust. (+10% HP)
You are very weak. (Str -4)
You expend health (3 HP) to strengthen your wands.


Message History

You start resting.
HP restored.
You start waiting.
You are now a favourite toy of Xom.
You start waiting.
You start waiting.
You start waiting.
Xom complains about the scenery.
A door slams shut!
You start waiting.
You are now a toy of Xom.
You start waiting.
You start waiting. "See what I see, my child!"
You detect nothing.
You start waiting.
Done waiting.
You start waiting.
You are now a plaything of Xom.
You start waiting. "Let me alter your body."
Your body is suffused with distortional energy.
You begin to regenerate regardless of the presence of monsters.
You feel less heat resistant.
Your thinking seems confused.
Your body twists and deforms.
You start waiting.
Done waiting.
You start waiting.
Done waiting.
You start waiting.
You are now a toy of Xom.
You start waiting.
Done waiting.
You start waiting.
Done waiting.
You start waiting.
Done waiting.
You start waiting.
Done waiting.
Are you sure you want to abandon this character and quit the game? (Confirm with "yes".)

### #.######### ##.## #.#
##.#.###.#########
#######.###.##.........#####
#...##.## ##.#..##.........#
#.#...## ##......###.###.#
#...##.## ##...>#### #.###.#
##.####.###......#####.##..#
#.# ##.#.##..@.......##..# #.#
##.####.#######.##..# #.# ###
#.# #.##..# #.# #.# #.....# #.#
##+## ####.## #.# ##...## #.#
#.#### ##.....## ##.# #....#
##.......## ##..####
####...####......>..####......#


There were no monsters in sight!

Vanquished Creatures
  2 endoplasms (D:1)
  A goblin (D:1)
  A hobgoblin (D:1)
  2 quokkas (D:1)
  A ball python (D:1)
  A bat (D:1)
  A kobold (D:1)
  A rat (D:1)
10 creatures vanquished.

Notes
Turn   | Place    | Note
-------+----------+-------------------------------------------
     0 | D:1      | Xavori the Djinni Chaos Knight began the quest for the Orb.
     0 | D:1      | Reached XP level 1. HP: 20/20 MP: 0/0
   225 | D:1      | XOM: divination: detect creatures
   395 | D:1      | XOM: divination: detect creatures
   417 | D:1      | Reached XP level 2. HP: 25/25 MP: 0/0
   697 | D:1      | XOM: silly message
  1115 | D:1      | XOM: draining
  1243 | D:1      | XOM: silly message
  1366 | D:1      | XOM: noise
  1725 | D:1      | XOM: summons 4 hostile shadow creatures
  1879 | D:1      | XOM: stat loss: -1 Str (10/11)
  2032 | D:1      | XOM: stat loss: -1 Dex (11/12)
  2313 | D:1      | XOM is BORED!
  2313 | D:1      | XOM: give mutations
  2313 | D:1      | Gained mutation: You do not regenerate when monsters are
                  | visible. [Xom's mischief]
  2313 | D:1      | Gained mutation: You possess an exceptional clarity of
                  | mind. [Xom's mischief]
  2313 | D:1      | Lost mutation: You possess an exceptional clarity of mind.
                  | [Xom's mischief]
  2754 | D:1      | XOM: noise
  3321 | D:1      | XOM: give mutation
  3321 | D:1      | Gained mutation: Your flesh is almost immune to the effects
                  | of heat. (rF+++) [Xom's grace]
  3740 | D:1      | XOM: silly message
  4064 | D:1      | XOM: silly message
  4297 | D:1      | XOM: silly message
  5135 | D:1      | XOM: noise
  5237 | D:1      | XOM: divination: detect items
  5400 | D:1      | XOM is BORED!
  5400 | D:1      | XOM: silly message
  6090 | D:1      | XOM is BORED!
  6729 | D:1      | XOM: stat loss: -1 Dex (10/12)
  7608 | D:1      | XOM: give mutation
  7608 | D:1      | Gained mutation: You expend health (3 HP) to strengthen
                  | your wands. [Xom's mischief]
  7821 | D:1      | XOM: summons 2 hostile demons
  7822 | D:1      | Noticed a crimson imp
  8278 | D:1      | XOM: give mutations
  8278 | D:1      | Gained mutation: You are weak. (Str -2) [Xom's mischief]
  8278 | D:1      | Gained mutation: You are very weak. (Str -4) [Xom's
                  | mischief]
  8278 | D:1      | Gained mutation: You possess an exceptional clarity of
                  | mind. [Xom's mischief]
  8286 | D:1      | XOM: give mutations
  8286 | D:1      | Gained mutation: You are robust. (+10% HP) [Xom's grace]
  8286 | D:1      | Gained mutation: You have a somewhat thin skeletal
                  | structure. (Dex +2, Stealth+) [Xom's grace]
  8286 | D:1      | Gained mutation: You are partially covered in iridescent
                  | scales. (AC +2) [Xom's grace]
  8447 | D:1      | XOM: scenery: 1 doors close
  8587 | D:1      | XOM: divination: detect items
  8756 | D:1      | XOM: give mutations
  8756 | D:1      | Lost mutation: You do not regenerate when monsters are
                  | visible. [Xom's mischief]
  8756 | D:1      | Lost mutation: Your flesh is almost immune to the effects
                  | of heat. (rF+++) [Xom's mischief]
  8756 | D:1      | Lost mutation: You possess an exceptional clarity of mind.
                  | [Xom's mischief]
  8756 | D:1      | Gained mutation: Armour fits poorly on your strangely
                  | shaped body. [Xom's mischief]
  9372 | D:1      | Quit the game

Illustrated notes

Levels and vault maps discovered:
D:1:      dpeg_arrival_arbitrary_a, layout_loops_corners
D:2:      layout_rooms, basic_altar, serial_shops, shop, minmay_rat_hole

Action                     || total
---------------------------++-------
  Melee: Falchion          ||    50
         Punch             ||     1
 Armour: Leather armour    ||    33
  Dodge: Dodged            ||    27

Table legend: (Time is in decaauts)
 A = Elapsed time spent in this place.
 B = Non-inter-level travel time spent in this place.
 C = Inter-level travel time spent in this place.
 D = Time resting spent in this place.
 E = Time spent auto-exploring this place.
 F = Levels seen in this place.
 G = Mean time per level.
                   A        B        C        D        E       F      G
               +--------+--------+--------+--------+--------+-----+--------+
         Total |   9381 |   9277 |    104 |   8397 |    749 |   2 | 4690.5 |
       Dungeon |   9381 |   9277 |    104 |   8397 |    749 |   2 | 4690.5 |
               +--------+--------+--------+--------+--------+-----+--------+

Top non-repeatable levels by time:
     D:1: 9135 daAuts
     D:2: 246 daAuts
